 Dungeon Crawl Stone Soup version 0.27.1-34-g3ba077fa99 (webtiles) character file.

Game seed: 148116211713495984

469 Extell the Caller (level 7, -3/46 HPs)
             Began as a Human Summoner on Jan 25, 2022.
             Was a Priest of Yredelemnul.
             Slain by a two-headed ogre (22 damage)
             ... on level 5 of the Dungeon.
             The game lasted 00:51:58 (6525 turns).

Extell the Caller (Human Summoner)                  Turns: 6525, Time: 00:51:58

Health: -3/46      AC:  2    Str:  9    XL:     7   Next: 30%
Magic:  6/13       EV: 12    Int: 23    God:    Yredelemnul [***...]
Gold:   140        SH:  0    Dex: 13    Spells: 10/14 levels left

rFire    . . .     SeeInvis .   x - +3 fustibalus of Tartarus {freeze, rPois}
rCold    . . .     Faith    .   (no shield)
rNeg     . . .     Spirit   .   p - +0 robe
rPois    +         Reflect  .   (no helmet)
rElec    .         Harm     .   (no cloak)
rCorr    .         Rampage  .   (no gloves)
Will     .....                  (no boots)
Stlth    ++........             (no amulet)
HPRegen  0.15/turn              b - +6 ring of intelligence
MPRegen  0.13/turn              l - ring of poison resistance

@: no status effects
A: no striking features
a: Renounce Religion, Recall Undead Slaves, Injury Mirror, Animate Dead


You were on level 5 of the Dungeon.
You worshipped Yredelemnul.
Yredelemnul was most pleased with you.
You visited 2 branches of the dungeon, and saw 6 of its levels.

You collected 140 gold pieces.

Inventory:

Hand Weapons
 c - a +0 hunting sling
 i - a +1 vorpal war axe
 j - a +5 dagger
 x - the +3 fustibalus of Tartarus (weapon) {freeze, rPois}
   (You found it on level 5 of the Dungeon)

   Any ammunition fired from it freezes those it strikes, dealing additional
   cold damage.
   It can also slow down cold-blooded creatures.
   rPois:     It protects you from poison.
Missiles
 d - 227 stones (quivered ammo)
Armour
 a - a +0 robe
 h - a +0 robe
 p - a +0 robe (worn)
Magical Staves
 u - a staff of cold
Jewellery
 b - a +6 ring of intelligence (left hand)
 l - a ring of poison resistance (right hand)
 r - a ring of willpower
 v - an amulet of reflection
Wands
 q - a wand of paralysis (9)
Scrolls
 g - 2 scrolls of identify
 o - 2 scrolls of enchant weapon
 s - a scroll of summoning {unknown}
 t - a scroll of fear {unknown}
 w - a scroll of silence {unknown}
Potions
 e - 2 potions of curing {unknown}
 f - 3 potions of attraction
 k - 4 potions of heal wounds {unknown}
 m - 3 potions of ambrosia {unknown}
 n - a potion of berserk rage {unknown}


   Skills:
 + Level 0.7 Short Blades
 + Level 2.2 Dodging
 + Level 2.5 Stealth
 + Level 4.4 Spellcasting
 + Level 5.9 Summonings
 + Level 2.7 Invocations


You had 10 spell levels left.
You knew the following spells:

 Your Spells              Type           Power      Damage    Failure   Level
a - Summon Small Mammal   Summ           100%       N/A       1%          1
b - Call Canine Familiar  Summ           32%        N/A       2%          3

Your spell library contained the following spells:

 Spells                   Type           Power      Damage    Failure   Level
 Call Imp                 Summ           32%        N/A       1%          2
 Summon Guardian Golem    Hex/Summ       18%        N/A       9%          3
 Animate Skeleton         Necr           10%        N/A       10%         1
 Pain                     Necr           20%        1d5       10%         1
 Summon Lightning Spire   Summ/Air       18%        N/A       30%         4


Dungeon Overview and Level Annotations

Branches:
Dungeon (5/15)             Temple (1/1) D:4

Altars:
Cheibriados
Dithmenos
Fedhas
Gozag
Kikubaaqudgha
Makhleb
Nemelex Xobeh
Okawaru
Ru
Trog
Vehumet
Wu Jian
Yredelemnul
The Shining One

Annotations:
D:5 Eustachio


Message History

Your bat hits the two-headed ogre.
The two-headed ogre hits your bat with a +0 giant club!!
Your bat dies!
Your bat's corpse disappears in a puff of smoke!
Your quokka bites the two-headed ogre.
Your rat bites the two-headed ogre.
Fire: 229 stones
Press: ? - help, Q - select action, (/) - cycle Shift-Dir - straight line, f/p - two-headed ogre
Aim: a two-headed ogre, wielding a +0 giant club and a +0 dire flail (lightly wounded, ally target, 72% to hit)
You shoot a stone. The stone hits the two-headed ogre.
The stone freezes the two-headed ogre.
The two-headed ogre is lightly wounded.
Your ball python zombie closely misses the two-headed ogre.
Your quokka bites the two-headed ogre.
Your rat bites the two-headed ogre but does no damage.
Fire: 228 stones
Press: ? - help, Q - select action, (/) - cycle Shift-Dir - straight line, f/p - two-headed ogre
Aim: a two-headed ogre, wielding a +0 giant club and a +0 dire flail (moderately wounded, ally target, 72% to hit)
You shoot a stone.
The stone hits the two-headed ogre but does no damage.
The two-headed ogre is moderately wounded.
Your quokka bites the two-headed ogre but does no damage.
The two-headed ogre hits you with a +0 giant club!
The two-headed ogre hits you with a +0 dire flail!!
Your rat bites the two-headed ogre but does no damage.
Your quokka barely misses the two-headed ogre.
Your ball python zombie bites the two-headed ogre but does no damage.
Your rat barely misses the two-headed ogre.
The two-headed ogre barely misses your ball python zombie.
The two-headed ogre hits your ball python zombie with a +0 dire flail!!
Your ball python zombie is destroyed!
Your rat bites the two-headed ogre.
Your quokka bites the two-headed ogre.
Your rat bites the two-headed ogre.
Your quokka bites the two-headed ogre but does no damage.
Your rat bites the two-headed ogre.
Casting: Summon Small Mammal (safe; 1% risk of failure)
Confirm with . or Enter, or press ? or * to list all spells.
Your rat bites the two-headed ogre.
The two-headed ogre hits you with a +0 giant club!!
You die...
Your body rises from the dead as a mindless zombie.

#.# #.# #.###.#### #.# #.#
#....## ##.###.# #.#### .
#...##.# #########.#
.#####...##.# ##.........#
.........##.###.....######
.(.........r.r.r....#
.........((..##O.)..#
.#..........####@..##
#.##....##.# ##### #.
#....##.# #. #....##.#
#..........# ......######
#######


You could see a two-headed ogre (ally target) and 2 friendly quokkas.

Vanquished Creatures
  Grinder (D:3)
  A scorpion (D:4)
  A bat (D:3)
  A quokka (D:4)
4 creatures vanquished.

Vanquished Creatures (collateral kills)
  An ice beast (D:5)
  An ogre (D:5)
  A water moccasin zombie (D:5)
  A water moccasin skeleton (D:5)
  A bullfrog zombie (D:5)
  A hound (D:5)
  2 iguanas (D:4)
  Jessica (D:3)
  6 adders
  An ufetubus (D:4)
  An adder skeleton (D:5)
  2 worms
  4 dart slugs
  An orc (D:3)
  10 ball pythons
  An endoplasm (D:1)
  5 giant cockroaches
  7 goblins
  6 hobgoblins
  7 jackals
  2 quokkas (D:3)
  6 bats
  4 frilled lizards
  9 kobolds
  6 rats
87 creatures vanquished.

Vanquished Creatures (others)
  A bat zombie (D:3)
  An adder skeleton (D:3)
  2 adder zombies (D:3)
  5 ball python zombies
  A dart slug zombie (D:5)
  3 frilled lizard zombies
  A hobgoblin zombie (D:4)
  2 iguana zombies (D:4)
  4 jackal zombies
  A kobold zombie (D:1)
  An ogre zombie (D:5)
  2 rat zombies
  A worm zombie (D:3)
  2 plants (D:4)
  5 withered plants (D:1)
32 creatures vanquished.

Grand Total: 123 creatures vanquished

Notes
Turn   | Place    | Note
-------+----------+-------------------------------------------
     0 | D:1      | Extell the Human Summoner began the quest for the Orb.
     0 | D:1      | Reached XP level 1. HP: 13/13 MP: 3/3
   177 | D:1      | Found a faded altar of an unknown god.
   183 | D:1      | Became a worshipper of Yredelemnul the Dark
   183 | D:1      | Reached * piety under Yredelemnul
   404 | D:1      | Reached XP level 2. HP: 19/19 MP: 0/5
  1279 | D:2      | Reached XP level 3. HP: 23/24 MP: 1/7
  1544 | D:2      | Found a glowing golden altar of the Shining One.
  2143 | D:3      | Reached ** piety under Yredelemnul
  2209 | D:3      | Found a sacrificial altar of Ru.
  2889 | D:3      | Reached XP level 4. HP: 29/30 MP: 2/8
  2893 | D:3      | Reached skill level 1 in Invocations
  3231 | D:3      | Noticed Grinder
  3261 | D:3      | Killed Grinder
  3262 | D:3      | Reached skill level 5 in Summonings
  3262 | D:3      | Reached XP level 5. HP: 14/35 MP: 3/10
  3262 | D:3      | Reached XP level 6. HP: 17/41 MP: 3/11
  3459 | D:3      | Noticed Jessica
  3464 | D:3      | Killed Jessica
  3481 | D:3      | Got Jessica's Catalogue of Dark Secrets
  4097 | D:4      | Learned a level 3 spell: Call Canine Familiar
  4647 | D:4      | Found a staircase to the Ecumenical Temple.
  4659 | Temple   | Entered the Ecumenical Temple
  5639 | D:5      | Entered Level 5 of the Dungeon
  5639 | D:5      | Noticed an ogre
  5651 | D:5      | Killed an ogre
  5741 | D:5      | Reached XP level 7. HP: 46/46 MP: 5/13
  5943 | D:5      | Reached *** piety under Yredelemnul
  5967 | D:5      | Identified the +3 fustibalus of Tartarus {freeze, rPois}
  6020 | D:5      | Noticed Eustachio
  6027 | D:5      | Found a glowing drain.
  6496 | D:5      | Noticed a two-headed ogre
  6525 | D:5      | Slain by a two-headed ogre

Illustrated notes

Levels and vault maps discovered:
D:1:      co_arrival_square_in_a_square_in_a_square, layout_basic,
          ebering_ecumenical_altar_petrified
D:2:      layout_basic, basic_altar, chequers_serial_rivers_large_b,
          minmay_goblin_kobold_house
D:3:      layout_rooms, nicolae_overflow_crystal_walls, serial_co_window_serial,
          co_window_paths_a, co_window_paths_a, co_window_corner_a,
          co_window_paths_b, co_window_paths_a, co_window_of_opportunity_a,
          co_window_corner_a, co_window_broadway_b, co_window_paths_c,
          co_window_unsneaky_path_e, co_window_unsneaky_path_a,
          interstate_on_off, hangedman_decor_growths, kennysheep_jessica_study,
          uniq_grinder
D:4:      layout_loops_ring, minmay_temple_entry_gardened_gates, chequers_jeans
D:5:      layout_loops_ring, portal_sewer_entry_b, uniq_eustachio
Temple:   minmay_temple_bridge_abc

Skill      XL: |  1  2  3  4  5  6 |
---------------+-------------------+-----
Invocations    | 1 2 |  2.7
Spellcasting   | 3 4 |  4.4
Summonings     | 5 |  5.9
Short Blades   | |  0.7
Dodging        | |  2.2
Stealth        | |  2.5

Action                   |  1- 3 |  4- 6 |  7- 9 || total
-------------------------+-------+-------+-------++-------
Melee: Dagger            |     4 |    14 |       ||    18
 Fire: Fustibalus        |       |       |     3 ||     3
 Cast: Summon Small Mamm |   110 |    71 |    64 ||   245
       Call Canine Famil |       |    10 |     6 ||    16
Invok: Animate Remains   |    14 |    16 |     1 ||    31
       Animate Dead      |       |       |     2 ||     2
  Use: Scroll            |     5 |     2 |       ||     7
 Stab: Distracted        |       |     1 |       ||     1
Armor: Robe              |    14 |     6 |     2 ||    22
Dodge: Dodged            |    59 |    20 |     9 ||    88
